 Dungeon Crawl Stone Soup version 0.26-a0-958-gf3041fb45f (webtiles) character file.

Game seed: 11405159132982820384

12518 mg7810 the Spear-Bearer (level 12, -7/89 HPs)
             Began as a Human Artificer on Nov 30, 2020.
             Was a Priest of Fedhas.
             Mangled by a two-headed ogre
             ... wielding a +0 giant club
              (10 damage)
             ... on level 11 of the Dungeon.
             The game lasted 00:52:02 (14285 turns).

mg7810 the Spear-Bearer (Human Artificer)          Turns: 14285, Time: 00:52:03

Health: -7/89      AC: 19    Str: 18    XL:     12   Next: 21%
Magic:  17/18      EV:  9    Int: 11    God:    Fedhas [***...]
Gold:   685        SH:  0    Dex: 20    Spells: 11/11 levels left

rFire    + . .     SeeInvis .   l - +2 scythe (freeze)
rCold    . . .     Faith    .   (shield currently unavailable)
rNeg     . . .     Spirit   .   Q - +2 plate armour {rF+}
rPois    .         Reflect  .   (no helmet)
rElec    .         Harm     .   q - +0 cloak
rCorr    +         Rampage  .   b - +0 pair of gloves
MR       .....                  N - +0 pair of boots
Stlth    ..........             (no amulet)
HPRegen  0.24/turn              v - ring of resist corrosion
MPRegen  0.16/turn              D - +6 ring of dexterity

@: lethally poisoned (-7 -> -7), studying 2 skills
A: no striking features
a: Wall of Briars, Grow Ballistomycete, Renounce Religion


You were on level 11 of the Dungeon.
You worshipped Fedhas.
Fedhas was most pleased with you.
You visited 1 branch of the dungeon, and saw 11 of its levels.
You also visited: Bailey.

You collected 901 gold pieces.
You spent 216 gold pieces at shops.

Inventory:

Hand Weapons
 g - a +0 vorpal hunting sling
 l - a +2 scythe of freezing (weapon)
 z - a +2 shortbow of freezing
 J - the +1 spear "Vipun" {protect, rC+ Str+4}
   (You bought it in a shop on level 6 of the Dungeon)

   It grants its wielder temporary protection when it strikes (+7 to AC).
   It affects your strength (+4).
   It protects you from cold.
 M - a +4 hand axe
 S - a +2 hand axe of flaming
Missiles
 h - 75 bolts
 o - 6 javelins (quivered)
 r - 253 arrows
 H - 24 poisoned darts
 O - 4 curare-tipped darts
Armour
 b - a +0 pair of gloves (worn)
 q - a +0 cloak (worn)
 N - a +0 pair of boots (worn)
 Q - a +2 plate armour of fire resistance (worn)
Jewellery
 v - a ring of resist corrosion (left hand)
 y - a +4 ring of evasion
 D - a +6 ring of dexterity (right hand)
 L - an uncursed ring of protection from fire
 V - an uncursed ring of wizardry {unknown}
Wands
 d - a wand of enslavement (6)
 e - a wand of random effects (7)
 i - a wand of iceblast (1)
 K - a wand of flame (20)
 R - a wand of disintegration (12)
Scrolls
 c - 3 scrolls of blinking {unknown}
 j - 3 scrolls of amnesia {unknown}
 k - 8 scrolls of remove curse
 m - 3 scrolls of enchant armour
 n - 3 scrolls of magic mapping
 p - 3 scrolls of acquirement
 s - 8 scrolls of teleportation
 t - 2 scrolls of identify
 w - 2 scrolls of immolation {unknown}
 A - a scroll of fog {unknown}
 B - 2 scrolls of fear {unknown}
 G - a scroll of brand weapon {unknown}
 I - 3 scrolls of enchant weapon {unknown}
 T - a scroll of holy word {unknown}
Potions
 f - a potion of lignification
 u - 2 potions of flight
 x - 3 potions of resistance
 C - a potion of invisibility
 E - a potion of cancellation
 F - 2 potions of magic
 U - a potion of brilliance
Books
 a - a manual of Dodging
 P - a manual of Shields


   Skills:
 + Level 6.6 Fighting
 - Level 2.3 Maces & Flails
 + Level 11.4 Polearms
 + Level 1.9 Bows
 + Level 3.1 Throwing
 + Level 7.6 Armour
 * Level 6.4 Dodging
 - Level 1.2 Stealth
 * Level 8.2 Invocations
 + Level 5.1 Evocations


You had 11 spell levels left.
You didn't know any spells.
Your spell library contained the following spells:

 Spells                   Type           Power        Failure   Level
 Beastly Appendage        Tmut           #.....       100%        1
 Wereblood                Tmut           #.......     100%        2
 Spider Form              Tmut/Pois      #.........   100%        3
 Ice Form                 Ice/Tmut       #.......     100%        4
 Blade Hands              Tmut           #.........   100%        5


Dungeon Overview and Level Annotations

Branches:
Dungeon (11/15)            Temple (0/1) D:5             Orc (0/2) D:9
 Bailey (visited)
   Lair: D:8-11

Altars:
Ashenzari
Cheibriados
Dithmenos
Fedhas
Kikubaaqudgha
Nemelex Xobeh
Okawaru
Ru
Trog
Vehumet
Xom
Zin
The Shining One

Shops:
D:6 (

Annotations:
D:10 2 transporters


Message History

You closely miss the two-headed ogre.
The two-headed ogre is moderately wounded.
The two-headed ogre hits you with a +0 giant club!
The two-headed ogre closely misses you.
You hit the two-headed ogre. You freeze the two-headed ogre.
The two-headed ogre is moderately wounded.
The two-headed ogre hits you with a +0 giant club!
* * * LOW HITPOINT WARNING * * *
The two-headed ogre hits you with a +0 giant spiked club!!
* * * LOW HITPOINT WARNING * * *
Okay, then.
Evoke which item? (* to show all) (? for menu, Esc to quit)
Aiming: Enslavement
Press: ? - help, Shift-Dir - straight line, f - two-headed ogre
Aim: a two-headed ogre, wielding a +0 giant club and a +0 giant spiked club (moderately wounded, chance to defeat MR: 44%)
The two-headed ogre resists with some effort.
You feel sick.
The two-headed ogre hits you with a +0 giant club!
You die...
Fedhas appreciates your contribution to the ecosystem.

# ######)#
.....
###y###
#@Oy.<#
#####....#
#.lP!#
#..*.#
...y.#
#....#
##...#
##.#


You could see a two-headed ogre and 2 killer bees.

Vanquished Creatures
  An orc warlord (Bailey)
  A death knight (D:9)
  A two-headed ogre (D:10)
  Sonja (D:10)
  Pikel (D:4)
  A gargoyle (D:10)
  A troll (D:9)
  Prince Ribbit (D:7)
  A redback (shapeshifter) (D:9)
  Sigmund (D:2)
  2 acid dragons (D:9)
  16 orc warriors
  3 ice beasts
  A hornet zombie (D:8)
  5 sky beasts
  2 phantoms
  An eye of draining (D:4)
  7 ogres
  9 centaurs
  2 big kobolds
  9 bullfrogs
  A wyvern zombie (D:9)
  A gnoll sergeant (D:10)
  8 scorpions
  3 killer bees (D:9)
  9 wights
  7 howler monkeys
  A bullfrog zombie (D:6)
  A centaur zombie (D:7)
  2 quasits
  A centaur skeleton (D:4)
  4 jellies
  6 orc priests
  6 hounds
  3 orc wizards
  Terence (D:2)
  3 iguanas
  8 worker ants
  A hound skeleton (D:5)
  A mummy (D:5)
  2 worker ant zombies (D:9)
  8 adders
  22 gnolls
  3 shadow imps
  3 white imps
  2 ufetubi
  4 oozes
  2 adder zombies
  A worm (D:2)
  3 dart slugs
  2 leopard geckos
  46 orcs
  7 giant cockroaches
  21 goblins
  16 hobgoblins
  4 jackals
  5 quokkas
  3 ball pythons
  9 bats
  2 frilled lizards
  2 hobgoblin zombies (D:5)
  A jackal skeleton (D:7)
  16 kobolds
  A leopard gecko skeleton (D:9)
  2 orc zombies (D:5)
  5 rats
  3 ballistomycete spores
329 creatures vanquished.

Vanquished Creatures (collateral kills)
  An orc knight (Bailey)
  3 orc warriors (Bailey)
  3 gnolls
  2 orcs (Bailey)
  A goblin (Bailey)
  2 hobgoblins (Bailey)
  71 ballistomycete spores
83 creatures vanquished.

Vanquished Creatures (others)
  3 ballistomycete spores
  3 plants (D:9)
6 creatures vanquished.

Grand Total: 418 creatures vanquished

Notes
Turn   | Place    | Note
-------+----------+-------------------------------------------
     0 | D:1      | mg7810 the Human Artificer began the quest for the Orb.
     0 | D:1      | Reached XP level 1. HP: 15/15 MP: 1/1
   354 | D:1      | Reached XP level 2. HP: 16/21 MP: 2/2
   799 | D:1      | Reached XP level 3. HP: 26/26 MP: 3/3
  1235 | D:2      | Reached skill level 1 in Maces & Flails
  1235 | D:2      | Reached XP level 4. HP: 32/32 MP: 4/4
  1800 | D:2      | Found a blossoming altar of Fedhas.
  1857 | D:2      | Noticed Sigmund
  1859 | D:2      | Became a worshipper of Fedhas Madash
  1875 | D:2      | Killed Sigmund
  1876 | D:2      | Reached skill level 1 in Bows
  1876 | D:2      | Reached skill level 1 in Throwing
  1876 | D:2      | Reached XP level 5. HP: 31/38 MP: 5/5
  1876 | D:2      | Reached XP level 6. HP: 36/44 MP: 6/6
  2373 | D:2      | Noticed Terence
  2379 | D:2      | Killed Terence
  2463 | D:2      | Found a sparkling altar of Nemelex Xobeh.
  2472 | D:2      | Found a glowing golden altar of the Shining One.
  2473 | D:2      | Found a bloodstained altar of Trog.
  2478 | D:2      | Found a shimmering altar of Xom.
  2863 | D:3      | Reached skill level 1 in Polearms
  3707 | D:4      | Reached skill level 2 in Polearms
  3733 | D:4      | You fall into a shaft and drop 1 floor!
  3733 | D:5      | Entered Level 5 of the Dungeon
  3741 | D:5      | Reached XP level 7. HP: 45/50 MP: 7/7
  3893 | D:4      | Reached skill level 3 in Polearms
  3893 | D:4      | Reached skill level 1 in Invocations
  3955 | D:4      | Reached * piety under Fedhas
  4224 | D:4      | Reached skill level 4 in Polearms
  4231 | D:4      | Reached XP level 8. HP: 57/57 MP: 3/9
  4238 | D:4      | Noticed Pikel
  4273 | D:4      | Killed Pikel
  4274 | D:4      | Reached skill level 6 in Polearms
  5483 | D:5      | Reached XP level 9. HP: 34/63 MP: 11/11
  5652 | D:5      | Found a sacrificial altar of Ru.
  5766 | D:5      | Found a staircase to the Ecumenical Temple.
  6055 | D:5      | Reached skill level 7 in Polearms
  6109 | D:6      | Reached ** piety under Fedhas
  6170 | D:6      | Found an ancient bone altar of Kikubaaqudgha.
  6170 | D:6      | Found an iron altar of Okawaru.
  6172 | D:6      | Found a glowing silver altar of Zin.
  6172 | D:6      | Found a shadowy altar of Dithmenos.
  6176 | D:6      | Found a radiant altar of Vehumet.
  6859 | D:6      | Found Hoaqeing's Antique Weapon Shop.
  6865 | D:6      | Bought a pitted spear for 216 gold pieces
  6865 | D:6      | Identified the cursed +1 spear "Vipun" {protect, rC+ Str+4}
                  | (You bought it in a shop on level 6 of the Dungeon)
  7060 | D:6      | Reached skill level 5 in Armour
  7178 | D:7      | Noticed Prince Ribbit
  7210 | D:7      | Killed Prince Ribbit
  7611 | D:7      | Found a sparkling altar of Nemelex Xobeh.
  7643 | D:7      | Reached skill level 8 in Polearms
  8321 | D:7      | Reached XP level 10. HP: 72/72 MP: 13/13
  8538 | D:7      | Reached *** piety under Fedhas
  8639 | D:7      | Found a snail-covered altar of Cheibriados.
  8639 | D:7      | Found a broken altar of Ashenzari.
  8749 | D:8      | Reached skill level 5 in Invocations
  8983 | D:8      | Reached skill level 9 in Polearms
  9175 | D:8      | Found a shimmering altar of Xom.
  9230 | D:8      | Found a shimmering altar of Xom.
  9230 | D:8      | Found a shimmering altar of Xom.
  9231 | D:8      | Found a shimmering altar of Xom.
  9231 | D:8      | Found a shimmering altar of Xom.
  9231 | D:8      | Found a shimmering altar of Xom.
  9231 | D:8      | Found a shimmering altar of Xom.
  9233 | D:8      | Found a shimmering altar of Xom.
  9233 | D:8      | Found a shimmering altar of Xom.
  9234 | D:8      | Found a shimmering altar of Xom.
  9268 | D:9      | Found a flagged portal.
  9328 | Bailey   | Entered a bailey
  9351 | Bailey   | Reached skill level 5 in Fighting
  9661 | Bailey   | Noticed an orc knight
  9664 | Bailey   | Noticed an orc warlord
  9725 | Bailey   | Killed an orc knight
  9726 | Bailey   | Reached skill level 10 in Polearms
  9728 | Bailey   | Killed an orc warlord
  9729 | Bailey   | Reached XP level 11. HP: 6/80 MP: 13/16
  9761 | Bailey   | Identified a scroll of acquirement
  9761 | Bailey   | Acquired a manual of Dodging
 10731 | D:9      | Found a staircase to the Orcish Mines.
 11273 | D:9      | Noticed a death knight
 11287 | D:9      | Killed a death knight
 11294 | D:9      | Reached skill level 5 in Evocations
 11697 | D:9      | Found a blossoming altar of Fedhas.
 12499 | D:10     | Entered Level 10 of the Dungeon
 12624 | D:10     | Reached skill level 11 in Polearms
 12761 | D:10     | Found a transporter.
 12769 | D:10     | Found a transporter.
 12770 | D:10     | Noticed a great orb of eyes
 12864 | D:10     | Noticed a two-headed ogre
 12868 | D:10     | Reached skill level 5 in Dodging
 12879 | D:10     | Killed a two-headed ogre
 12880 | D:10     | Reached XP level 12. HP: 29/89 MP: 14/18
 13537 | D:10     | Noticed Sonja
 13546 | D:10     | Killed Sonja
 14277 | D:11     | Noticed a two-headed ogre
 14284 | D:11     | HP: 4/89 [two-headed ogre/+0 giant club (19)]
 14285 | D:11     | Mangled by a two-headed ogre

Illustrated notes

Levels and vault maps discovered:
D:1:      grunt_arrival_lava_bath, layout_loops_corners, minmay_statues_item
D:2:      layout_loops_cross, fedhas_ov_isle_minmay, minitemple,
          roderic_st_hans_cross, hangedman_decor_growths, st_stairs_12,
          uniq_sigmund, uniq_terence
D:3:      layout_loops_ring
D:4:      layout_basic, minmay_misc_feat_nine_boxes, uniq_pikel
D:5:      layout_basic, nicolae_overflow_crystal_walls, temple_fountains,
          minmay_mini_ossuary
D:6:      layout_basic, grunt_temple_overflow_open, serial_shops, shop_fountains
D:7:      layout_basic, gammafunk_temple_overflow_wave,
          nemelex_dance_club_becter, uniq_prince_ribbit1
D:8:      layout_basic, xom_shifter_show
D:9:      minmay_the_grid_four_pointed_star_mashed
          [minmay_the_grid_triangle_9x9_thin_v,
          minmay_the_grid_triangle_9x9_pentomino_pain,
          minmay_the_grid_triangle_9x9_shrine,
          minmay_the_grid_triangle_9x9_sprig,
          minmay_the_grid_prize_inner_circle], layout_loops_ring, orc_0_dummy,
          enter_bailey_3
D:10:     gammafunk_jiyva_shrine, layout_basic, uniq_sonja
D:11:     layout_basic, lair_entry_dummy, hive_lemuel, uniq_fannar

Skill      XL: |  1  2  3  4  5  6  7  8  9 10 11 12 |
---------------+-------------------------------------+-----
Maces & Flails | 1 2 |  2.3
Evocations     | 4 5 |  5.1
Fighting       | 2 3 4 5 6 |  6.6
Bows           | 1 |  1.9
Throwing       | 1 2 3 |  3.1
Armour         | 3 4 5 6 7 |  7.6
Polearms       | 2 4 6 8 10 11 | 11.4
Invocations    | 1 2 4 6 8 |  8.2
Dodging        | 2 5 6 |  6.4
Stealth        | |  1.2

Action                   |  1- 3 |  4- 6 |  7- 9 | 10-12 || total
-------------------------+-------+-------+-------+-------++-------
Melee: Club              |   133 |    37 |       |       ||   170
       Scythe            |       |    71 |   189 |   388 ||   648
       Spear             |       |       |   195 |       ||   195
 Fire: Shortbow          |       |    10 |       |     6 ||    16
Throw: Javelin           |       |       |     2 |     7 ||     9
       Dart              |       |       |     8 |    28 ||    36
Invok: Grow Ballistomyce |       |       |       |    14 ||    14
       Wall of Briars    |       |       |       |     3 ||     3
Evoke: Wand              |     8 |     9 |     9 |    25 ||    51
  Use: Scroll            |     2 |     5 |     6 |     9 ||    22
       Potion            |       |     1 |     1 |     5 ||     7
 Stab: Confused          |       |       |       |     1 ||     1
Armor: Chain mail        |   115 |   124 |   291 |    51 ||   581
       Leather armour    |     6 |       |       |       ||     6
       Plate armour      |       |       |       |   285 ||   285
       Skin              |       |       |       |     3 ||     3
Dodge: Dodged            |    45 |    57 |   159 |   224 ||   485

Table legend: (Time is in decaauts)
 A = Elapsed time spent in this place.
 B = Non-inter-level travel time spent in this place.
 C = Inter-level travel time spent in this place.
 D = Time resting spent in this place.
 E = Time spent auto-exploring this place.
 F = Levels seen in this place.
 G = Mean time per level.
                   A        B        C        D        E       F      G
               +--------+--------+--------+--------+--------+-----+--------+
         Total |  14698 |  14517 |    181 |     75 |  10850 |  12 | 1224.8 |
       Dungeon |  13571 |  13390 |    181 |     17 |  10347 |  11 | 1233.7 |
        Bailey |   1126 |   1126 |      0 |     58 |    503 |   1 | 1126.0 |
               +--------+--------+--------+--------+--------+-----+--------+

Top non-repeatable levels by time:
     D:9: 2219 daAuts
    D:10: 1830 daAuts
     D:7: 1458 daAuts
     D:2: 1380 daAuts
     D:4: 1358 daAuts
     D:5: 1277 daAuts
     D:1: 1232 daAuts
  Bailey: 1126 daAuts
     D:6: 1108 daAuts
     D:3: 1066 daAuts
     D:8: 617 daAuts
    D:11: 21 daAuts
